 Dungeon Crawl Stone Soup version 0.22-a0-224-g8cf3520 (webtiles) character file.

6563 Amnesiac the Prestidigitator (level 10, 0/53 HPs)
             Began as a Spriggan Artificer on Feb 20, 2018.
             Was an Initiate of Gozag.
             Slain by a warg (19 damage)
             ... on level 9 of the Dungeon.
             The game lasted 00:37:51 (15925 turns).

Amnesiac the Prestidigitator (Spriggan Artificer)  Turns: 15925, Time: 00:37:51

Health: 0/53       AC:  4    Str:  9    XL:     10   Next: 70%
Magic:  22/22      EV: 27    Int: 13    God:    Gozag
Gold:   799        SH:  0    Dex: 17    Spells: 4/9 levels left

rFire    x . .     SeeInvis +   a - +3 quarterstaff (chaos)
rCold    + . .     Gourm    .   (shield currently unavailable)
rNeg     . . .     Faith    .   h - +0 robe
rPois    .         Spirit   .   (helmet restricted)
rElec    .         Reflect  .   y - +0 cloak
rCorr    .         Harm     +   (gloves unavailable)
MR       +....                  (boots unavailable)
Stlth    ++........             B - amulet of harm
HPRegen  0.17/turn              w - +1 ring of protection
MPRegen  0.18/turn              x - ring of ice

@: gold aura, very quick
A: very small, unfitting armour, horns 1, see invisible, herbivore, speed 3,
slow metabolism 2, weak 1, wild magic 1, evolution 1
a: Potion Petition, Call Merchant, Bribe Branch, Renounce Religion


You were on level 9 of the Dungeon.
You worshipped Gozag.
Gozag was pleased with you.
You were not hungry.

You visited 2 branches of the dungeon, and saw 10 of its levels.

You collected 1784 gold pieces.
You spent 339 gold pieces at shops.
You paid 646 gold pieces to Gozag.

Inventory:

Hand Weapons
 a - a +3 quarterstaff of chaos (weapon)
 b - a +0 hunting sling
 A - a +0 dagger of freezing
Missiles
 e - 8 curare-tipped needles
 g - 6 needles of paralysis
 j - 49 sling bullets
 k - 203 stones (quivered)
 r - 54 poisoned needles
 s - 3 needles of frenzy
Armour
 h - a +0 robe (worn)
 y - a +0 cloak (worn)
 D - a +0 buckler
Jewellery
 n - an uncursed ring of flight
 p - an uncursed ring of protection from magic
 w - a +1 ring of protection (left hand)
 x - a ring of ice (right hand)
 B - an amulet of harm (around neck)
 K - an uncursed ring of protection from magic
Wands
 c - a wand of iceblast (15)
 z - a wand of acid (3)
 E - a wand of clouds (4)
 F - a wand of polymorph (11)
Scrolls
 d - a scroll of enchant armour {!r}
 m - 3 scrolls of magic mapping {!r}
 v - 4 scrolls of identify {!r}
 G - a scroll of teleportation {!r}
 H - a scroll of fear {!r}
Potions
 i - a potion of mutation {!q}
 l - a potion of haste {!q}
 o - a potion of agility {!q}
 q - a potion of lignification {!q}
 u - a potion of resistance {!q}
 C - 2 potions of cancellation {!q, unknown}
 I - a potion of heal wounds {!q, unknown}
 J - a potion of curing {!q}
Comestibles
 f - 13 rations


   Skills:
 + Level 6.9 Fighting
 - Level 1.1 Short Blades
 + Level 11.8 Dodging
 - Level 1.5 Stealth
 * Level 14.7 Evocations


You had 4 spell levels left.
You knew the following spells:

 Your Spells              Type           Power        Failure   Level  Hunger
a - Animate Skeleton      Necr           N/A          38%         1    ##.....
b - Pain                  Necr           #...         38%         1    ##.....
r - Regeneration          Chrm/Necr      #.........   75%         3    ####...


Dungeon Overview and Level Annotations

Branches:
Dungeon (9/15)             Temple (1/1) D:5
   Lair: D:8-11         Orc: D:9-12

Altars:
Ashenzari
Cheibriados
Dithmenos
Elyvilon
Fedhas
Gozag
Hepliaklqana
Kikubaaqudgha
Makhleb
Nemelex Xobeh
Okawaru
Qazlal
Ru
Sif Muna
Trog
Uskayaw
Vehumet
Wu Jian
Xom
Yredelemnul
Zin
The Shining One

Shops:
D:7 *

Annotations:
D:9 tidbits's ghost, novice GnTm


Innate Abilities, Weirdness & Mutations

You are very small and have problems with some larger weapons.
You are too small for most types of armour.
You have supernaturally acute eyesight. (SInv)
You are a herbivore.
You cover ground extremely quickly.
You need consume almost no food.
You have a pair of small horns on your head.
You are weak. (Str -2)
Your spells are a little harder to cast, but a little more powerful.
You evolve.


Message History

You hit the orc. You freeze the orc.
You kill the orc!
An orc priest comes into view. It is wielding a club.
Things that are here:
5 gold pieces; a hand axe; a chain mail You closely miss the orc priest.
The orc priest shouts!
You hear a shout! x2
The orc priest closely misses you.
You hear a shout!
You closely miss the orc priest. The orc priest completely misses you.
You sock the orc priest!
You feel better.
The orc priest is almost dead.
The orc priest barely misses you.
The orc priest calls down the wrath of Beogh upon you.
Beogh smites you!
You closely miss the orc priest.
The orc priest is almost dead.
The orc priest completely misses you.
You sock the orc priest!
You kill the orc priest!
The orc priest calls down the wrath of Beogh upon you.
Pain shoots through your body!
* * * LOW HITPOINT WARNING * * *
You hit the orc priest.
The orc priest appears confused.
You headbutt the orc priest.
The orc priest is severely wounded.
The orc priest asks, "Where am I?"
An orc comes into view. It is wielding a flail.
You hit the orc priest.
Lightning courses through the orc priest!
You kill the orc priest!
You hit the goblin. You burn the goblin.
You kill the goblin!
An orc comes into view. It is wielding a hand axe.
The orc shouts!
You hear a shout! x3
You barely miss the orc. The orc hits you but does no damage.
The orc completely misses you.
An orc comes into view. It is wielding a mace.
You closely miss the orc. The orc closely misses you.
The orc completely misses you.
You completely miss the orc. The orc closely misses you. x2
You sock the orc! You freeze the orc.
You kill the orc!
The orc completely misses you. The orc misses you.
You hit the orc but do no damage. The orc misses you.
The orc hits you with a flail.
* * * LOW HITPOINT WARNING * * *
You hit the orc. Lightning courses through the orc!
You kill the orc!
The orc hits you with a flail.
* * * LOW HITPOINT WARNING * * *
A warg comes into view.
The warg howls!
You hear a shout! x4
You hit the orc.
The orc is poisoned.
Sparks fly from your quarterstaff of chaos!
The orc is lightly wounded.
You hear a shout!
The orc misses you.
An orc comes into view.
You closely miss the orc.
The orc is heavily wounded.
The warg completely misses you. The orc misses you. The warg bites you!
You die...
Your body crumbles into a pile of gold.

## .#### .##.#
## ..#.# $ $ .#
.##.# ##. .##.#
..###.h##$.#.#
#....o@o# #.#
#.#####..# #.#
####.##
#.###########
########.##.#
#......).....
............#
##....)).....
########..###
#...########
#..########.##
#...........#
###.###########


You could see a warg and 2 orcs.

Vanquished Creatures
  The ghost of tidbits the Ducker, a novice GnMo of Cheibriados (D:7)
  Maurice (D:8)
  A troll (D:9)
  A hippogriff (D:9)
  A wraith (D:7)
  2 humans (D:7)
  A steam dragon (D:7)
  4 hogs (D:7)
  A hungry ghost (D:8)
  5 centaurs
  A water moccasin (D:8)
  An orc warrior (D:8)
  3 ice beasts
  2 sky beasts (D:8)
  4 ogres
  A big kobold (D:8)
  11 bullfrogs
  4 scorpions
  A wyvern skeleton (D:8)
  16 killer bees
  3 howler monkeys
  A crimson imp (D:5)
  A centaur zombie (D:7)
  A quasit (D:8)
  2 hounds
  Crazy Yiuf (D:2)
  2 bullfrog skeletons
  5 orc priests
  4 adders
  2 iguanas (D:4)
  3 orc wizards
  3 worker ants
  A killer bee zombie (D:6)
  2 hound skeletons
  A worker ant zombie (D:6)
  4 gnolls (D:3)
  A howler monkey skeleton (D:6)
  A shadow imp (D:5)
  An adder skeleton (D:2)
  An adder zombie (D:8)
  A worm (D:3)
  8 leopard geckos
  31 orcs
  A ball python (D:1)
  4 giant cockroaches
  6 goblins
  5 hobgoblins
  4 jackals
  5 kobolds
  3 quokkas
  5 bats
  5 frilled lizards
  A quokka skeleton (D:4)
  7 rats
  A fungus (D:3)
189 creatures vanquished.

Vanquished Creatures (collateral kills)
  An ice beast (D:7)
  A wight (D:7)
  A howler monkey (D:7)
  An orc priest (D:4)
  An orc wizard (D:4)
  2 worker ants
  3 adders
  2 adder skeletons
  A leopard gecko (D:4)
  2 giant cockroaches
  A quokka (D:5)
16 creatures vanquished.

Vanquished Creatures (others)
  A water moccasin (D:6)
  An ogre (D:7)
  A bullfrog skeleton (D:4)
  An orc wizard (D:4)
  A worker ant (D:4)
  An adder zombie (D:8)
  A dart slug (D:4)
  A jackal (D:2)
  A kobold (D:8)
9 creatures vanquished.

Grand Total: 214 creatures vanquished

Notes
Turn   | Place    | Note
-------+----------+-------------------------------------------
     0 | D:1      | Amnesiac the Spriggan Artificer began the quest for the Orb.
     0 | D:1      | Reached XP level 1. HP: 9/9 MP: 4/4
   467 | D:4      | Noticed an iguana
   594 | D:4      | Found a blossoming altar of Fedhas.
   597 | D:4      | Noticed a centaur
   634 | D:4      | Reached skill level 1 in Fighting
   634 | D:4      | Reached XP level 2. HP: 4/14 MP: 6/6
   957 | D:4      | Reached skill level 5 in Evocations
   957 | D:4      | Reached XP level 3. HP: 8/18 MP: 7/7
  1005 | D:4      | Killed a centaur
  1005 | D:4      | Reached XP level 4. HP: 13/23 MP: 7/9
  1164 | D:4      | Reached skill level 6 in Evocations
  1616 | D:4      | Reached XP level 5. HP: 23/26 MP: 10/10
  2226 | D:5      | Entered Level 5 of the Dungeon
  2280 | D:5      | Found a staircase to the Ecumenical Temple.
  2286 | Temple   | Entered the Ecumenical Temple
  2634 | D:2      | Reached skill level 5 in Dodging
  2766 | Temple   | Became a worshipper of Gozag Ym Sagoz the Greedy
  3184 | D:1      | Reached XP level 6. HP: 32/32 MP: 12/12
  3673 | D:2      | Reached skill level 7 in Evocations
  4155 | D:2      | Found a runed door.
  4159 | D:2      | Noticed Crazy Yiuf
  4193 | D:2      | Killed Crazy Yiuf
  5715 | D:4      | Found a blossoming altar of Fedhas.
  6508 | D:5      | Reached skill level 8 in Evocations
  6508 | D:5      | Reached XP level 7. HP: 34/36 MP: 12/14
  7242 | D:5      | Reached skill level 9 in Evocations
  7701 | D:5      | Found a staircase to the Ecumenical Temple.
  8175 | D:5      | Reached XP level 8. HP: 19/42 MP: 16/16
  8496 | D:6      | Reached skill level 10 in Evocations
  9010 | D:6      | Learned a level 3 spell: Regeneration
  9012 | D:6      | Learned a level 1 spell: Animate Skeleton
  9014 | D:6      | Learned a level 1 spell: Pain
  9700 | D:7      | Reached skill level 11 in Evocations
  9766 | D:7      | Found a glowing silver altar of Zin.
  9806 | D:7      | Noticed tidbits's ghost (novice GnMo)
 10196 | D:8      | Gained mutation: Your spells are a little harder to cast, but a little more powerful. [potion of mutation]
 10196 | D:8      | Gained mutation: You evolve. [potion of mutation]
 10269 | D:8      | Reached XP level 9. HP: 24/46 MP: 18/18
 10346 | D:8      | Reached skill level 5 in Fighting
 10477 | D:8      | Noticed Maurice
 10606 | D:7      | Gained mutation: You are weak. (Str -2) [evolution]
 10752 | D:6      | Reached skill level 12 in Evocations
 10831 | D:7      | Bought a scroll of enchant armour for 105 gold pieces
 10831 | D:7      | Bought 6 needles of paralysis for 50 gold pieces
 10831 | D:7      | Bought a potion of agility for 56 gold pieces
 10831 | D:7      | Bought a potion of lignification for 42 gold pieces
 10831 | D:7      | Bought 3 needles of frenzy for 16 gold pieces
 10831 | D:7      | Bought a scroll of remove curse for 42 gold pieces
 10831 | D:7      | Bought a scroll of identify for 28 gold pieces
 11219 | D:6      | HP: 2/47 [poisoned by tidbits's ghost]
 12073 | D:7      | Killed tidbits's ghost
 12073 | D:7      | Reached skill level 10 in Dodging
 12586 | D:7      | Reached skill level 13 in Evocations
 12667 | D:7      | Reached XP level 10. HP: 28/53 MP: 19/21
 12787 | D:7      | Gained mutation: You have a pair of small horns on your head. [evolution]
 13037 | D:8      | Killed Maurice
 13316 | D:7      | Reached skill level 14 in Evocations
 13998 | D:8      | HP: 1/53 [orc priest/divine providence (14)]
 15253 | D:9      | Noticed tidbits's ghost (novice GnTm)
 15925 | D:9      | Slain by a warg

Vault maps used:
D:1:      elethiomel_arrival_infinity_welcomes_careful_drivers
D:2:      first_ration, uniq_crazy_yiuf_cottage
D:3:      hex_medium, minmay_gold_behind_fungi
D:4:      corexii_corridor_pit, fedhas_bush_and_centaur_altar
D:5:      minmay_temple_entry_metal_lava
D:6:      st_stairs_1
D:7:      lemuel_coloured_pillars_altar, grunt_livestock, minmay_checkerbox
D:8:      uniq_maurice
D:9:      erik_orc_3, serial_shops, kennysheep_mini_moat,
          nicolae_shop_behind_doors, basic_altar
Temple:   compressed_dpeg_circular_temple

Skill      XL: |  1  2  3  4  5  6  7  8  9 10 |
---------------+-------------------------------+-----
Fighting       | 1 2 3 4 6 |  6.9
Evocations     | 5 6 8 9 11 13 14 | 14.7
Dodging        | 4 5 6 7 8 10 11 | 11.8
Short Blades   | |  1.1
Stealth        | |  1.5

Action                   |  1- 3 |  4- 6 |  7- 9 | 10-12 || total
-------------------------+-------+-------+-------+-------++-------
Melee: Short sword       |    19 |    12 |       |       ||    31
       Quarterstaff      |       |    66 |   344 |   207 ||   617
       Headbutt          |       |       |       |    35 ||    35
 Fire: Hunting sling     |       |   217 |    93 |       ||   310
Throw: Stone             |       |       |    21 |       ||    21
 Cast: Regeneration      |       |       |     6 |       ||     6
Invok: Potion Petition   |       |       |     1 |       ||     1
       Call Merchant     |       |       |     1 |       ||     1
Evoke: Wand              |     8 |    18 |    19 |     8 ||    53
  Use: Scroll            |       |    11 |     9 |     1 ||    21
       Potion            |       |       |     9 |       ||     9
 Stab: Sleeping          |       |     1 |     3 |       ||     4
       Paralysed         |       |       |     8 |     3 ||    11
       Distracted        |       |       |     1 |       ||     1
       Confused          |       |       |     1 |     3 ||     4
       Petrified         |       |       |       |     4 ||     4
       Petrifying        |       |       |       |     2 ||     2
  Eat: Ration            |       |     2 |     6 |       ||     8
Armor: Robe              |     2 |    24 |    37 |    22 ||    85
       Skin              |       |       |    35 |       ||    35
Dodge: Dodged            |    28 |   214 |   450 |   337 ||  1029

Table legend:
 A = Spawn XP
 B = Non-spawn XP
 C = Spawn XP percentage of total XP
 D = Spawn monster count
 E = Non-spawn monster count
 F = Spawn count percentage of total count
 G = Total turns spent on level
                    A         B        C        D         E        F      G
               +---------+---------+-------+---------+---------+-------+---------
         Total |       0 |    9376 |   0.0 |       0 |     205 |   0.0 | 15925
               +---------+---------+-------+---------+---------+-------+---------
           D:1 |       0 |      16 |   0.0 |       0 |      10 |   0.0 |  1294
           D:2 |       0 |      95 |   0.0 |       0 |      23 |   0.0 |  1374
           D:3 |       0 |      83 |   0.0 |       0 |      18 |   0.0 |   814
           D:4 |       0 |     343 |   0.0 |       0 |      26 |   0.0 |  2540
           D:5 |       0 |     885 |   0.0 |       0 |      17 |   0.0 |  2177
           D:6 |       0 |     725 |   0.0 |       0 |      18 |   0.0 |  1672
           D:7 |       0 |    3383 |   0.0 |       0 |      32 |   0.0 |  3327
           D:8 |       0 |    2305 |   0.0 |       0 |      35 |   0.0 |  1650
           D:9 |       0 |    1541 |   0.0 |       0 |      26 |   0.0 |   933
               +---------+---------+-------+---------+---------+-------+---------
